Gangsters vs Influenza
Created - February 8, 2018 at 19:20
Goals
|
| Gangsters |
0 |
2 |
4 |
6 |
| Influenza |
1 |
5 |
1 |
7 |
|
Shots
|
| Gangsters |
5 |
13 |
12 |
30 |
| Influenza |
9 |
17 |
11 |
37 |
|
1st period
1. Influenza , Garnet Hathaway 15 (Mark Olver 15, Jeff May 6) at 6:49
Penalties :
No Penalty
2nd period
2. Gangsters , Magnus Paajarvi-Svensson 18 (Derrick Pouliot 14) at 5:29
3. Gangsters , Gustav Nyquist 26 (Chris Bourque 40) at 5:42
4. Influenza , Mark Scheifele 26 (Jeff May 7, Mathieu Carle 39) at 6:55
5. Influenza , Charlie Coyle 7 (Jimmy Vesey 18, Dmitry Sinitsyn 11) at 13:18
6. Influenza , T.J Galiardi 24 (Jeremy Morin 31, Mark Scheifele 37) at 18:10
7. Influenza , Jeremy Morin 31 (Mathieu Carle 40, Jeff May 8) at 18:45 (PP)
8. Influenza , Mark Scheifele 27 (Jeremy Morin 32, T.J Galiardi 30) at 18:57
Penalties :
T.J Galiardi (VJB) for Roughing (Double Minor) at 6:04, Colten Teubert (Bro) for Hooking (Minor) at 6:28, Patrik Nemeth (Bro) for Hooking (Minor) at 18:28
3rd period
9. Gangsters , Dave Dziurzynski 11 (Devante Smith-Pelly 17, Patrik Nemeth 26) at 0:30
10. Gangsters , Stefan Noesen 11 (Colten Teubert 21, Brendan Woods 13) at 1:56
11. Influenza , Jeremy Morin 32 (T.J Galiardi 31) at 4:18
12. Gangsters , Maxime Sauvé 13 (Chris Bourque 41, Gustav Nyquist 23) at 4:29
13. Gangsters , Tomas Hertl 19 (Colten Teubert 22) at 11:52 (PP)
Penalties :
Mark Scheifele (VJB) for Hooking (Minor) at 4:32, Matt Corrente (VJB) for Tripping (Minor) at 11:21, Colten Teubert (Bro) for Slashing (Minor) at 18:37
Goalie Stats
Mike Condon (Bro), 19 saves from 24 shots - (0.792), 38:45 minutes
Dustin Tokarski (Bro), 11 saves from 13 shots - (0.846), L, 16-9-1, 21:15 minutes
Tyson Sexsmith (VJB), 24 saves from 30 shots - (0.800), W, 5-2-0, 60:00 minutes
Players Stats for Gangsters
Player Name G A P +/- PIM S H SB GA TA FO MP PP MP PK MP
------------------------------------------------------------------------------------
Brendan Woods 0 1 1 1 0 0 0 0 1 1 0/0 9:41 0:00 0:30
Chris Bourque 0 2 2 -1 0 7 4 0 2 0 3/3 22:44 2:14 0:50
Colten Teubert 0 2 2 1 4 4 6 1 0 1 0/0 26:16 3:07 0:17
Dave Dziurzynski 1 0 1 -2 0 1 3 0 1 1 0/0 12:06 0:20 0:00
Derrick Pouliot 0 1 1 -1 0 0 1 1 0 1 0/0 14:44 0:00 0:00
Devante Smith-Pelly 0 1 1 -2 0 0 1 1 0 2 0/0 12:06 0:20 0:00
Gustav Nyquist 1 1 2 -1 0 3 2 1 2 0 2/6 22:44 2:14 0:50
Jonas Brodin 0 0 0 -1 0 1 0 0 0 1 0/0 18:01 1:16 0:33
Kevin Roy 0 0 0 1 0 0 0 0 0 0 2/5 9:11 0:00 0:00
Magnus Paajarvi-Svensson 1 0 1 1 0 4 3 0 0 0 0/0 15:17 1:56 0:30
Maxime Sauvé 1 0 1 0 0 3 3 2 1 2 23/41 21:18 2:14 0:19
Morgan Ellis 0 0 0 -1 0 0 0 1 0 1 0/0 18:29 1:42 0:33
Patrik Nemeth 0 1 1 0 2 1 2 0 0 0 0/0 27:55 2:48 0:49
Richard Panik 0 0 0 1 0 2 2 1 0 0 0/0 15:29 1:56 0:19
Ryan Culkin 0 0 0 0 0 0 0 1 0 2 0/0 14:52 0:26 1:06
Seth Griffith 0 0 0 -2 0 0 0 0 1 0 1/4 11:28 0:00 0:00
Stefan Noesen 1 0 1 1 0 3 0 0 0 0 0/0 9:11 0:00 0:00
Tomas Hertl 1 0 1 1 0 1 6 0 0 0 4/5 14:47 1:56 0:00
Players Stats for Influenza
Player Name G A P +/- PIM S H SB GA TA FO MP PP MP PK MP
------------------------------------------------------------------------------------
Beau Bennett 0 0 0 1 0 4 3 1 0 0 1/1 16:13 0:39 0:45
Charlie Coyle 1 0 1 1 0 1 2 0 0 0 4/8 14:30 0:00 0:00
Dmitry Sinitsyn 0 1 1 1 0 0 1 0 0 1 0/0 12:19 0:00 0:00
Garnet Hathaway 1 0 1 0 0 2 3 1 0 0 0/1 11:12 0:00 0:00
Iiro Pakarinen 0 0 0 0 0 1 1 0 1 0 0/0 9:51 0:00 1:32
Jeff May 0 3 3 -1 0 2 1 3 2 2 0/0 28:14 0:56 2:46
Jeremy Morin 2 2 4 0 0 8 1 1 0 0 1/3 23:07 1:00 2:36
Jimmy Vesey 0 1 1 1 0 1 0 0 1 1 1/2 15:09 0:39 0:00
Jordan Schroeder 0 0 0 0 0 2 0 0 0 0 1/3 8:48 0:00 0:14
Lane MacDermid 0 0 0 0 0 1 3 0 0 0 0/0 12:27 1:00 0:30
Mark Olver 0 1 1 0 0 2 1 0 2 0 7/9 14:49 0:39 2:58
Mark Scheifele 2 1 3 0 2 7 2 0 2 0 14/34 20:55 1:00 0:25
Mathieu Carle 0 2 2 -1 0 1 6 1 2 0 0/0 28:14 0:56 2:46
Matt Corrente 0 0 0 1 2 0 3 0 2 0 0/0 18:43 0:00 1:44
Nikita Gusev 0 0 0 0 0 0 1 0 0 0 0/0 8:15 0:00 0:00
Oskars Bartulis 0 0 0 1 0 0 1 1 0 2 0/0 13:02 0:43 0:00
Paul Ladue 0 0 0 1 0 4 1 1 0 2 0/0 19:27 0:43 1:44
T.J Galiardi 1 2 3 -1 4 1 2 1 0 0 0/3 18:13 0:00 0:00
3 Stars
1 - Jeremy Morin (VJB)
2 - Mark Scheifele (VJB)
3 - Tomas Hertl (Bro)
Power Play
Gangsters - 1 on 4 Attempt(s) - 25.00%
Influenza - 1 on 3 Attempt(s) - 33.33%
Penalty Kill
Gangsters - 2 on 3 Attempt(s) - 66.67%
- Score 0 goal in Penalty Kill
Influenza - 3 on 4 Attempt(s) - 75.00%
- Score 0 goal in Penalty Kill
Team Stat
Gangsters - Hits : 33 - Faceoff Wins : 35 - Blocked Shots : 9 - Penalty Minutes : 6
Influenza - Hits : 32 - Faceoff Wins : 29 - Blocked Shots : 10 - Penalty Minutes : 8
Official
Referees : Kozari Steve and Peel Tim
Linesman : Brian Murphy and Brad Kovachik
Game Notes
5:42 of 2nd period - Gangsters goal is going for a video replay. After video review, Goal.
Dustin Tokarski enters game at 18:45 of 2nd period
Finance
Level 1 -- Attendance: 1654 (82.70%) -- Ticket Income $66,160
Level 2 -- Attendance: 722 (72.20%) -- Ticket Income $14,440
Total Attendance: 2376 (79.20%)
Total Ticket Income: $80,600
Other Income: $4,030
Total Income: $84,630
Gangsters
5 vs 5 Forward
Center Left Wing Right Wing Time % Phy DF OF
1 Maxime Sauvé Chris Bourque Gustav Nyquist 40 1 2 2
2 Tomas Hertl Magnus Paajarvi-Svensson Richard Panik 30 1 2 2
3 Seth Griffith Dave Dziurzynski Devante Smith-Pelly 20 1 2 2
4 Kevin Roy Brendan Woods Stefan Noesen 10 1 2 2
5 vs 5 Defense
Defense Defense Time % Phy DF OF
1 Colten Teubert Patrik Nemeth 40 1 2 2
2 Morgan Ellis Jonas Brodin 30 1 2 2
3 Derrick Pouliot Ryan Culkin 20 1 2 2
4 Colten Teubert Patrik Nemeth 10 1 2 2
PowerPlay Forward
Center Left Wing Right Wing Time % Phy DF OF
1 Maxime Sauvé Chris Bourque Gustav Nyquist 60 1 2 2
2 Tomas Hertl Magnus Paajarvi-Svensson Richard Panik 40 1 2 2
PowerPlay Defense
Defense Defense Time % Phy DF OF
1 Colten Teubert Patrik Nemeth 60 1 2 2
2 Morgan Ellis Jonas Brodin 40 1 2 2
Penalty Kill 4 Players Forward
Center Wing Time % Phy DF OF
1 Gustav Nyquist Chris Bourque 60 1 2 2
2 Maxime Sauvé Richard Panik 40 1 2 2
Penalty Kill 4 Players Defense
Defense Defense Time % Phy DF OF
1 Colten Teubert Patrik Nemeth 60 1 2 2
2 Morgan Ellis Jonas Brodin 40 1 2 2
Penalty Kill - 3 Players Forward
Forward Time % Phy DF OF
1 Gustav Nyquist 60 1 2 2
2 Chris Bourque 40 1 2 2
Penalty Kill - 3 Players Defense
Defense Defense Time % Phy DF OF
1 Colten Teubert Patrik Nemeth 60 1 2 2
2 Morgan Ellis Jonas Brodin 40 1 2 2
4 vs 4 Forward
Center Wing Time % Phy DF OF
1 Gustav Nyquist Chris Bourque 60 1 2 2
2 Maxime Sauvé Richard Panik 40 1 2 2
4 vs 4 Defense
Defense Defense Time % Phy DF OF
1 Colten Teubert Patrik Nemeth 60 1 2 2
2 Morgan Ellis Jonas Brodin 40 1 2 2
Last Minutes Offensive
Center Left Wing Right Wing Defense Defense
Maxime Sauvé Chris Bourque Gustav Nyquist Colten Teubert Patrik Nemeth
Last Minutes Defensive
Center Left Wing Right Wing Defense Defense
Maxime Sauvé Chris Bourque Gustav Nyquist Colten Teubert Patrik Nemeth
Goaltenders
Starting : Mike Condon
Backup : Dustin Tokarski
Extra Forwards
Normal : Dave Dziurzynski, Devante Smith-Pelly, Brendan Woods - PP : Dave Dziurzynski, Devante Smith-Pelly - PK : Brendan Woods
Extra Defensemen
Normal : Derrick Pouliot, Ryan Culkin, Morgan Ellis - PP : Derrick Pouliot - PK : Ryan Culkin, Morgan Ellis
Penalty Shots
Gustav Nyquist, Chris Bourque, Maxime Sauvé, Richard Panik, Tomas Hertl
Scratches
Bryan Young (Healthy), Brett Ponich (Healthy), Michael Sdao (Healthy), Phillip Danault (Healthy), Austen Brassard (Healthy)
Sebastian Collberg (Healthy), Matt Delahey (Healthy), Jordan Binnington (Healthy)
Influenza
5 vs 5 Forward
Center Left Wing Right Wing Time % Phy DF OF
1 Mark Scheifele T.J Galiardi Jeremy Morin 40 1 2 2
2 Charlie Coyle Jimmy Vesey Beau Bennett 30 1 2 2
3 Mark Olver Lane MacDermid Garnet Hathaway 20 1 2 2
4 Jordan Schroeder Nikita Gusev Iiro Pakarinen 10 1 2 2
5 vs 5 Defense
Defense Defense Time % Phy DF OF
1 Mathieu Carle Jeff May 40 1 2 2
2 Matt Corrente Paul Ladue 30 1 2 2
3 Oskars Bartulis Dmitry Sinitsyn 20 1 2 2
4 Mathieu Carle Jeff May 10 1 2 2
PowerPlay Forward
Center Left Wing Right Wing Time % Phy DF OF
1 Mark Scheifele Lane MacDermid Jeremy Morin 60 1 2 2
2 Mark Olver Jimmy Vesey Beau Bennett 40 1 2 2
PowerPlay Defense
Defense Defense Time % Phy DF OF
1 Mathieu Carle Jeff May 60 1 2 2
2 Oskars Bartulis Paul Ladue 40 1 2 2
Penalty Kill 4 Players Forward
Center Wing Time % Phy DF OF
1 Mark Olver Jeremy Morin 60 1 2 2
2 Mark Scheifele Beau Bennett 40 1 2 2
Penalty Kill 4 Players Defense
Defense Defense Time % Phy DF OF
1 Mathieu Carle Jeff May 60 1 2 2
2 Matt Corrente Paul Ladue 40 1 2 2
Penalty Kill - 3 Players Forward
Forward Time % Phy DF OF
1 Mark Olver 60 1 2 2
2 Mark Scheifele 40 1 2 2
Penalty Kill - 3 Players Defense
Defense Defense Time % Phy DF OF
1 Mathieu Carle Jeff May 60 1 2 2
2 Matt Corrente Paul Ladue 40 1 2 2
4 vs 4 Forward
Center Wing Time % Phy DF OF
1 Mark Scheifele Jeremy Morin 60 1 2 2
2 Mark Olver Beau Bennett 40 1 2 2
4 vs 4 Defense
Defense Defense Time % Phy DF OF
1 Mathieu Carle Jeff May 60 1 2 2
2 Matt Corrente Paul Ladue 40 1 2 2
Last Minutes Offensive
Center Left Wing Right Wing Defense Defense
Mark Scheifele Jimmy Vesey Jeremy Morin Mathieu Carle Matt Corrente
Last Minutes Defensive
Center Left Wing Right Wing Defense Defense
Mark Scheifele Lane MacDermid Jeremy Morin Mathieu Carle Matt Corrente
Goaltenders
Starting : Tyson Sexsmith
Backup : Thomas McCollum
Extra Forwards
Normal : Garnet Hathaway, Jordan Schroeder, Iiro Pakarinen - PP : Garnet Hathaway, Jordan Schroeder - PK : Iiro Pakarinen
Extra Defensemen
Normal : Matt Corrente, Mathieu Carle, Oskars Bartulis - PP : Matt Corrente - PK : Mathieu Carle, Oskars Bartulis
Penalty Shots
Jeremy Morin, Mark Olver, Beau Bennett, Mark Scheifele, Garnet Hathaway
Scratches
Jacob Josefson (Healthy), Jamie Devane (Healthy), Joe Morrow (Healthy), Johan Larsson (Healthy), Fredric Larsson (Healthy)
Tim Erixon (Bruised Left Arm Injury), Tom Kuhnhackl (Healthy), Rocco Grimaldi (Healthy), Ryan Sproul (Healthy), Josh Andrerson (Healthy)
Jesse Graham (Healthy), Vince Rocco (Healthy), Jamie Phillips (Healthy)
% Time on Ice - Gangsters
Lines # - Real PCT - Wanted PCT - Time Play
Normal Forward
1 - 35% - 40% - 18:22
2 - 25% - 30% - 12:51
3 - 22% - 20% - 11:28
4 - 18% - 10% - 9:11
Normal Defense
1 - 38% - 40% - 19:35
2 - 30% - 30% - 15:41
3 - 26% - 20% - 13:18
4 - 6% - 10% - 3:18
PP Forward
1 - 57% - 60% - 2:34
2 - 43% - 40% - 1:56
PP Defense
1 - 72% - 60% - 3:14
2 - 28% - 40% - 1:16
PK Forward
1 - 81% - 60% - 1:20
2 - 19% - 40% - 0:19
PK Defense
1 - 67% - 60% - 1:06
2 - 33% - 40% - 0:33
PK3 Forward
1 - 0% - 60%
2 - 0% - 40%
PK3 Defense
1 - 0% - 60%
2 - 0% - 40%
44 Forward
1 - 81% - 60% - 1:36
2 - 19% - 40% - 0:23
44 Defense
1 - 74% - 60% - 1:28
2 - 26% - 40% - 0:31
Last Minute Offensive - 0:00
Last Minute Defensive - 0:00
Total
Forward - 60:00
Defense - 60:00
|
% Time on Ice - Influenza
Lines # - Real PCT - Wanted PCT - Time Play
Normal Forward
1 - 35% - 40% - 18:14
2 - 28% - 30% - 14:30
3 - 21% - 20% - 10:53
4 - 16% - 10% - 8:15
Normal Defense
1 - 40% - 40% - 20:35
2 - 32% - 30% - 16:21
3 - 24% - 20% - 12:19
4 - 5% - 10% - 2:37
PP Forward
1 - 61% - 60% - 1:00
2 - 39% - 40% - 0:39
PP Defense
1 - 57% - 60% - 0:56
2 - 43% - 40% - 0:43
PK Forward
1 - 83% - 60% - 3:45
2 - 17% - 40% - 0:45
PK Defense
1 - 61% - 60% - 2:46
2 - 39% - 40% - 1:44
PK3 Forward
1 - 0% - 60%
2 - 0% - 40%
PK3 Defense
1 - 0% - 60%
2 - 0% - 40%
44 Forward
1 - 84% - 60% - 1:40
2 - 16% - 40% - 0:19
44 Defense
1 - 67% - 60% - 1:20
2 - 33% - 40% - 0:39
Last Minute Offensive - 0:00
Last Minute Defensive - 0:00
Total
Forward - 60:00
Defense - 60:00
|
Play by Play
1st period
0:01 of 1st period - Maxime Sauvé wins face-off versus Mark Scheifele in neutral zone.
0:04 of 1st period - Slapshot by Chris Bourque.
0:04 of 1st period - Stopped by Tyson Sexsmith with a rebound.
0:06 of 1st period - Snap shot by Maxime Sauvé.
0:06 of 1st period - Shot Blocked by Jeff May.
0:08 of 1st period - Slapshot by Patrik Nemeth.
0:08 of 1st period - Stopped by Tyson Sexsmith with a rebound.
0:51 of 1st period - Off-side.
0:52 of 1st period - Jordan Schroeder wins face-off versus Seth Griffith in neutral zone.
1:45 of 1st period - Snap shot by T.J Galiardi.
1:45 of 1st period - Shot Misses the Net.
2:01 of 1st period - Wrist shot by Brendan Woods.
2:01 of 1st period - Shot Blocked by Oskars Bartulis.
2:09 of 1st period - Wrist shot by Beau Bennett.
2:09 of 1st period - Deflect By Jimmy Vesey.
2:09 of 1st period - Shot Misses the Net.
2:09 of 1st period - Puck is out of play.
2:10 of 1st period - Maxime Sauvé wins face-off versus Jeremy Morin in Gangsters zone.
3:19 of 1st period - Slapshot by Colten Teubert.
3:19 of 1st period - Deflect By Stefan Noesen.
3:19 of 1st period - Shot Misses the Net.
3:19 of 1st period - Puck is out of play.
3:20 of 1st period - Mark Scheifele wins face-off versus Kevin Roy in Influenza zone.
3:20 of 1st period - Mark Scheifele is hit by Colten Teubert.
3:47 of 1st period - Off-side.
3:48 of 1st period - Maxime Sauvé wins face-off versus Charlie Coyle in neutral zone.
4:18 of 1st period - Snap shot by Dave Dziurzynski.
4:18 of 1st period - Shot Misses the Net.
4:20 of 1st period - Slapshot by Jonas Brodin.
4:20 of 1st period - Stopped by Tyson Sexsmith without a rebound.
4:21 of 1st period - Tomas Hertl wins face-off versus Mark Scheifele in Influenza zone.
4:33 of 1st period - Off-side.
4:34 of 1st period - Beau Bennett wins face-off versus Maxime Sauvé in neutral zone.
4:36 of 1st period - Mathieu Carle is hit by Colten Teubert and loses puck.
4:59 of 1st period - Patrik Nemeth is hit by Mathieu Carle and loses puck.
5:26 of 1st period - Richard Panik is hit by Garnet Hathaway and loses puck.
6:49 of 1st period - Snap shot by Garnet Hathaway.
6:49 of 1st period - Goal by Garnet Hathaway - Gangsters : 0 - Influenza : 1.
6:50 of 1st period - Maxime Sauvé wins face-off versus Mark Scheifele in neutral zone.
7:03 of 1st period - Gustav Nyquist is hit by Mathieu Carle and loses puck.
7:21 of 1st period - Colten Teubert is hit by Matt Corrente and loses puck.
7:38 of 1st period - Snap shot by Mark Olver.
7:38 of 1st period - Stopped by Mike Condon with a rebound.
8:59 of 1st period - Colten Teubert is hit by Mathieu Carle and loses puck.
9:18 of 1st period - Slapshot by Iiro Pakarinen.
9:18 of 1st period - Stopped by Mike Condon without a rebound.
9:19 of 1st period - Kevin Roy wins face-off versus Jordan Schroeder in Gangsters zone.
9:55 of 1st period - Patrik Nemeth is hit by Mark Scheifele and loses puck.
10:37 of 1st period - Wrist shot by Jordan Schroeder.
10:37 of 1st period - Stopped by Mike Condon without a rebound.
10:38 of 1st period - Maxime Sauvé wins face-off versus Jordan Schroeder in Gangsters zone.
10:57 of 1st period - Mathieu Carle is hit by Chris Bourque and loses puck.
11:11 of 1st period - Off-side.
11:12 of 1st period - Mark Scheifele wins face-off versus Seth Griffith in neutral zone.
11:28 of 1st period - Icing by Devante Smith-Pelly.
11:29 of 1st period - Seth Griffith wins face-off versus Charlie Coyle in Gangsters zone.
12:00 of 1st period - Jeremy Morin is hit by Chris Bourque and loses puck.
12:25 of 1st period - Snap shot by Magnus Paajarvi-Svensson.
12:25 of 1st period - Stopped by Tyson Sexsmith with a rebound.
12:27 of 1st period - Slapshot by Colten Teubert.
12:27 of 1st period - Deflect By Richard Panik.
12:27 of 1st period - Shot Misses the Net.
12:27 of 1st period - Puck is out of play.
12:28 of 1st period - Maxime Sauvé wins face-off versus T.J Galiardi in Influenza zone.
12:55 of 1st period - Paul Ladue is hit by Magnus Paajarvi-Svensson and loses puck.
13:36 of 1st period - Stefan Noesen is hit by Nikita Gusev and loses puck.
14:15 of 1st period - Slapshot by Colten Teubert.
14:15 of 1st period - Deflect By Matt Corrente.
14:15 of 1st period - Stopped by Tyson Sexsmith with a rebound.
14:48 of 1st period - Richard Panik is hit by Mark Olver and loses puck.
15:01 of 1st period - Devante Smith-Pelly is hit by Mark Scheifele and loses puck.
15:06 of 1st period - Slapshot by Mark Scheifele.
15:06 of 1st period - Shot Misses the Net.
15:22 of 1st period - Wrist shot by Tomas Hertl.
15:22 of 1st period - Shot Misses the Net.
15:24 of 1st period - Slapshot by Magnus Paajarvi-Svensson.
15:24 of 1st period - Shot Blocked by Paul Ladue.
15:48 of 1st period - Slapshot by Beau Bennett.
15:48 of 1st period - Stopped by Mike Condon without a rebound.
15:49 of 1st period - Charlie Coyle wins face-off versus Kevin Roy in Gangsters zone.
15:58 of 1st period - Oskars Bartulis is hit by Colten Teubert and loses puck.
16:39 of 1st period - Mark Scheifele is hit by Gustav Nyquist and loses puck.
17:01 of 1st period - Wrist shot by Jordan Schroeder.
17:01 of 1st period - Stopped by Mike Condon without a rebound.
17:02 of 1st period - Maxime Sauvé wins face-off versus Mark Scheifele in Gangsters zone.
17:07 of 1st period - Snap shot by Jeremy Morin.
17:07 of 1st period - Stopped by Mike Condon with a rebound.
17:38 of 1st period - Richard Panik is hit by Charlie Coyle.
18:12 of 1st period - Slapshot by Garnet Hathaway.
18:12 of 1st period - Shot Misses the Net.
18:16 of 1st period - Snap shot by Mark Olver.
18:16 of 1st period - Deflect By Garnet Hathaway.
18:16 of 1st period - Shot Misses the Net.
18:16 of 1st period - Puck is out of play.
18:17 of 1st period - Tomas Hertl wins face-off versus Mark Scheifele in Gangsters zone.
18:17 of 1st period - Tomas Hertl is hit by Matt Corrente.
18:29 of 1st period - Snap shot by Mark Scheifele.
18:29 of 1st period - Stopped by Mike Condon with a rebound.
18:31 of 1st period - Snap shot by Paul Ladue.
18:31 of 1st period - Stopped by Mike Condon without a rebound.
18:32 of 1st period - Charlie Coyle wins face-off versus Maxime Sauvé in Gangsters zone.
18:59 of 1st period - Patrik Nemeth is hit by T.J Galiardi and loses puck.
19:40 of 1st period - Snap shot by Mark Olver.
19:40 of 1st period - Shot Misses the Net.
Goals for this period are 0 for Gangsters vs 1 for Influenza.
Shots for this period are 5 for Gangsters vs 9 for Influenza.
2nd period
0:01 of 2nd period - Maxime Sauvé wins face-off versus Mark Scheifele in neutral zone.
0:26 of 2nd period - Jimmy Vesey is hit by Tomas Hertl and loses puck.
0:35 of 2nd period - Snap shot by Magnus Paajarvi-Svensson.
0:35 of 2nd period - Shot Blocked by Mathieu Carle.
0:37 of 2nd period - Slapshot by Richard Panik.
0:37 of 2nd period - Stopped by Tyson Sexsmith without a rebound.
0:38 of 2nd period - Chris Bourque wins face-off versus Mark Scheifele in Influenza zone.
0:50 of 2nd period - Slapshot by Mark Scheifele.
0:50 of 2nd period - Shot Misses the Net.
0:52 of 2nd period - Slapshot by Paul Ladue.
0:52 of 2nd period - Stopped by Mike Condon with a rebound.
0:54 of 2nd period - Slapshot by Paul Ladue.
0:54 of 2nd period - Stopped by Mike Condon without a rebound.
0:55 of 2nd period - Tomas Hertl wins face-off versus Jimmy Vesey in Gangsters zone.
1:04 of 2nd period - Slapshot by Magnus Paajarvi-Svensson.
1:04 of 2nd period - Shot Blocked by Beau Bennett.
1:06 of 2nd period - Wrist shot by Magnus Paajarvi-Svensson.
1:06 of 2nd period - Stopped by Tyson Sexsmith with a rebound.
1:08 of 2nd period - Backhand shot by Colten Teubert.
1:08 of 2nd period - Shot Misses the Net.
1:10 of 2nd period - Slapshot by Colten Teubert.
1:10 of 2nd period - Shot Misses the Net.
1:20 of 2nd period - Patrik Nemeth is hit by T.J Galiardi and loses puck.
1:39 of 2nd period - Devante Smith-Pelly is hit by Lane MacDermid and loses puck.
1:50 of 2nd period - Wrist shot by Mark Olver.
1:50 of 2nd period - Shot Misses the Net.
1:52 of 2nd period - Slapshot by Mathieu Carle.
1:52 of 2nd period - Shot Blocked by Devante Smith-Pelly.
2:58 of 2nd period - Icing by Ryan Culkin.
2:59 of 2nd period - Mark Olver wins face-off versus Kevin Roy in Gangsters zone.
3:10 of 2nd period - Snap shot by Stefan Noesen.
3:10 of 2nd period - Stopped by Tyson Sexsmith without a rebound.
3:11 of 2nd period - Maxime Sauvé wins face-off versus Jeremy Morin in Influenza zone.
3:31 of 2nd period - Mark Scheifele is hit by Colten Teubert.
3:47 of 2nd period - Slapshot by Richard Panik.
3:47 of 2nd period - Stopped by Tyson Sexsmith without a rebound.
3:48 of 2nd period - Charlie Coyle wins face-off versus Tomas Hertl in Influenza zone.
3:57 of 2nd period - Snap shot by Beau Bennett.
3:57 of 2nd period - Stopped by Mike Condon without a rebound.
3:58 of 2nd period - Maxime Sauvé wins face-off versus Charlie Coyle in Gangsters zone.
4:28 of 2nd period - Richard Panik is hit by Beau Bennett and loses puck.
4:58 of 2nd period - Icing by Mark Scheifele.
4:59 of 2nd period - Maxime Sauvé wins face-off versus Mark Olver in Influenza zone.
5:24 of 2nd period - Mark Scheifele is hit by Richard Panik and loses puck.
5:29 of 2nd period - Snap shot by Magnus Paajarvi-Svensson.
5:29 of 2nd period - Goal by Magnus Paajarvi-Svensson - Gangsters : 1 - Influenza : 1.
5:30 of 2nd period - Maxime Sauvé wins face-off versus Mark Scheifele in neutral zone.
5:33 of 2nd period - Mathieu Carle is hit by Chris Bourque and loses puck.
5:40 of 2nd period - Slapshot by Gustav Nyquist.
5:40 of 2nd period - Deflect By Chris Bourque.
5:40 of 2nd period - Stopped by Tyson Sexsmith with a rebound.
5:42 of 2nd period - Wrist shot by Gustav Nyquist.
5:42 of 2nd period - Gangsters goal is going for a video replay.
5:42 of 2nd period - The goal is good.
5:42 of 2nd period - Goal by Gustav Nyquist - Gangsters : 2 - Influenza : 1.
5:43 of 2nd period - Maxime Sauvé wins face-off versus Mark Scheifele in neutral zone.
5:46 of 2nd period - Slapshot by Gustav Nyquist.
5:46 of 2nd period - Shot Blocked by T.J Galiardi.
5:48 of 2nd period - Wrist shot by Patrik Nemeth.
5:48 of 2nd period - Shot Blocked by Jeremy Morin.
5:50 of 2nd period - Slapshot by Colten Teubert.
5:50 of 2nd period - Stopped by Tyson Sexsmith with a rebound.
5:52 of 2nd period - Wrist shot by Maxime Sauvé.
5:52 of 2nd period - Shot Misses the Net.
5:54 of 2nd period - Wrist shot by Gustav Nyquist.
5:54 of 2nd period - Stopped by Tyson Sexsmith with a rebound.
6:04 of 2nd period - Double Minor Penalty to T.J Galiardi for Roughing.
6:05 of 2nd period - Mark Olver wins face-off versus Maxime Sauvé in Influenza zone.
6:05 of 2nd period - Mark Olver is hit by Maxime Sauvé.
6:28 of 2nd period - Minor Penalty to Colten Teubert for Hooking.
6:29 of 2nd period - Mark Scheifele wins face-off versus Gustav Nyquist in Gangsters zone.
6:30 of 2nd period - Wrist shot by Jeremy Morin.
6:30 of 2nd period - Stopped by Mike Condon without a rebound.
6:31 of 2nd period - Mark Scheifele wins face-off versus Gustav Nyquist in Gangsters zone.
6:38 of 2nd period - Wrist shot by Mark Scheifele.
6:38 of 2nd period - Stopped by Mike Condon without a rebound.
6:39 of 2nd period - Chris Bourque wins face-off versus Mark Scheifele in Gangsters zone.
6:44 of 2nd period - Mathieu Carle is hit by Patrik Nemeth and loses puck.
6:55 of 2nd period - Snap shot by Mark Scheifele.
6:55 of 2nd period - Goal by Mark Scheifele - Gangsters : 2 - Influenza : 2.
6:56 of 2nd period - Mark Scheifele wins face-off versus Gustav Nyquist in neutral zone.
7:35 of 2nd period - Slapshot by Jeff May.
7:35 of 2nd period - Stopped by Mike Condon with a rebound.
7:37 of 2nd period - Snap shot by Beau Bennett.
7:37 of 2nd period - Shot Blocked by Richard Panik.
7:39 of 2nd period - Snap shot by Beau Bennett.
7:39 of 2nd period - Shot Blocked by Maxime Sauvé.
7:41 of 2nd period - Slapshot by Mathieu Carle.
7:41 of 2nd period - Shot Blocked by Morgan Ellis.
8:15 of 2nd period - Devante Smith-Pelly is hit by Garnet Hathaway and loses puck.
8:28 of 2nd period - Penalty to Colten Teubert is over, Colten Teubert is back on ice.
8:32 of 2nd period - Ryan Culkin is hit by Matt Corrente and loses puck.
9:06 of 2nd period - Mathieu Carle is hit by Tomas Hertl and loses puck.
9:22 of 2nd period - Icing by Maxime Sauvé.
9:23 of 2nd period - Mark Scheifele wins face-off versus Maxime Sauvé in Gangsters zone.
10:04 of 2nd period - Penalty to T.J Galiardi is over, T.J Galiardi is back on ice.
10:19 of 2nd period - Jimmy Vesey is hit by Dave Dziurzynski.
10:23 of 2nd period - Colten Teubert is hit by Oskars Bartulis and loses puck.
11:19 of 2nd period - Jeremy Morin is hit by Chris Bourque and loses puck.
11:48 of 2nd period - Mark Scheifele is hit by Magnus Paajarvi-Svensson and loses puck.
12:14 of 2nd period - Jeff May is hit by Derrick Pouliot and loses puck.
12:54 of 2nd period - Dmitry Sinitsyn is hit by Richard Panik.
12:58 of 2nd period - Jordan Schroeder is hit by Tomas Hertl and loses puck.
13:11 of 2nd period - Dave Dziurzynski is hit by Dmitry Sinitsyn and loses puck.
13:18 of 2nd period - Wrist shot by Charlie Coyle.
13:18 of 2nd period - Goal by Charlie Coyle - Gangsters : 2 - Influenza : 3.
13:19 of 2nd period - Maxime Sauvé wins face-off versus Charlie Coyle in neutral zone.
13:22 of 2nd period - Snap shot by Gustav Nyquist.
13:22 of 2nd period - Deflect By Maxime Sauvé.
13:22 of 2nd period - Stopped by Tyson Sexsmith with a rebound.
13:44 of 2nd period - Snap shot by Lane MacDermid.
13:44 of 2nd period - Stopped by Mike Condon with a rebound.
13:52 of 2nd period - Snap shot by Magnus Paajarvi-Svensson.
13:52 of 2nd period - Stopped by Tyson Sexsmith with a rebound.
13:54 of 2nd period - Slapshot by Jonas Brodin.
13:54 of 2nd period - Shot Misses the Net.
14:11 of 2nd period - Slapshot by Kevin Roy.
14:11 of 2nd period - Shot Misses the Net.
14:25 of 2nd period - Slapshot by Dave Dziurzynski.
14:25 of 2nd period - Shot Misses the Net.
14:51 of 2nd period - Snap shot by Gustav Nyquist.
14:51 of 2nd period - Stopped by Tyson Sexsmith without a rebound.
14:52 of 2nd period - Mark Scheifele wins face-off versus Maxime Sauvé in Influenza zone.
15:42 of 2nd period - Slapshot by Stefan Noesen.
15:42 of 2nd period - Shot Misses the Net.
15:46 of 2nd period - Slapshot by Stefan Noesen.
15:46 of 2nd period - Stopped by Tyson Sexsmith without a rebound.
15:47 of 2nd period - Mark Scheifele wins face-off versus Maxime Sauvé in Influenza zone.
16:56 of 2nd period - Kevin Roy is hit by Iiro Pakarinen and loses puck.
17:21 of 2nd period - Slapshot by Mark Scheifele.
17:21 of 2nd period - Shot Blocked by Gustav Nyquist.
17:23 of 2nd period - Wrist shot by Jeremy Morin.
17:23 of 2nd period - Stopped by Mike Condon without a rebound.
17:24 of 2nd period - Tomas Hertl wins face-off versus Mark Scheifele in Gangsters zone.
17:54 of 2nd period - Slapshot by Devante Smith-Pelly.
17:54 of 2nd period - Shot Misses the Net.
18:10 of 2nd period - Slapshot by T.J Galiardi.
18:10 of 2nd period - Goal by T.J Galiardi - Gangsters : 2 - Influenza : 4.
18:11 of 2nd period - Charlie Coyle wins face-off versus Maxime Sauvé in neutral zone.
18:14 of 2nd period - Slapshot by Mathieu Carle.
18:14 of 2nd period - Deflect By Beau Bennett.
18:14 of 2nd period - Stopped by Mike Condon without a rebound.
18:15 of 2nd period - Jimmy Vesey wins face-off versus Maxime Sauvé in Gangsters zone.
18:24 of 2nd period - Wrist shot by Beau Bennett.
18:24 of 2nd period - Stopped by Mike Condon without a rebound.
18:25 of 2nd period - Maxime Sauvé wins face-off versus Mark Scheifele in Gangsters zone.
18:25 of 2nd period - Maxime Sauvé is hit by Jeremy Morin.
18:28 of 2nd period - Minor Penalty to Patrik Nemeth for Hooking.
18:29 of 2nd period - Gustav Nyquist wins face-off versus Mark Scheifele in Gangsters zone.
18:41 of 2nd period - Snap shot by Jeremy Morin.
18:41 of 2nd period - Stopped by Mike Condon with a rebound.
18:43 of 2nd period - Slapshot by Jeff May.
18:43 of 2nd period - Shot Blocked by Colten Teubert.
18:45 of 2nd period - Slapshot by Mathieu Carle.
18:45 of 2nd period - Deflect By Jeremy Morin.
18:45 of 2nd period - Goal by Jeremy Morin - Gangsters : 2 - Influenza : 5.
18:45 of 2nd period - Dustin Tokarski enters game.
18:46 of 2nd period - Mark Scheifele wins face-off versus Maxime Sauvé in neutral zone.
18:57 of 2nd period - Snap shot by Mark Scheifele.
18:57 of 2nd period - Goal by Mark Scheifele - Gangsters : 2 - Influenza : 6.
18:58 of 2nd period - Mark Scheifele wins face-off versus Maxime Sauvé in neutral zone.
19:01 of 2nd period - Slapshot by Mark Scheifele.
19:01 of 2nd period - Stopped by Dustin Tokarski with a rebound.
Goals for this period are 2 for Gangsters vs 5 for Influenza.
Shots for this period are 13 for Gangsters vs 17 for Influenza.
3rd period
0:01 of 3rd period - Maxime Sauvé wins face-off versus Mark Scheifele in neutral zone.
0:30 of 3rd period - Wrist shot by Dave Dziurzynski.
0:30 of 3rd period - Goal by Dave Dziurzynski - Gangsters : 3 - Influenza : 6.
0:31 of 3rd period - Mark Scheifele wins face-off versus Maxime Sauvé in neutral zone.
0:38 of 3rd period - Wrist shot by Mark Scheifele.
0:38 of 3rd period - Stopped by Dustin Tokarski without a rebound.
0:39 of 3rd period - Mark Scheifele wins face-off versus Maxime Sauvé in Gangsters zone.
1:04 of 3rd period - Wrist shot by Beau Bennett.
1:04 of 3rd period - Shot Misses the Net.
1:06 of 3rd period - Slapshot by Mathieu Carle.
1:06 of 3rd period - Stopped by Dustin Tokarski with a rebound.
1:56 of 3rd period - Snap shot by Stefan Noesen.
1:56 of 3rd period - Goal by Stefan Noesen - Gangsters : 4 - Influenza : 6.
1:57 of 3rd period - Maxime Sauvé wins face-off versus Mark Scheifele in neutral zone.
2:28 of 3rd period - Beau Bennett is hit by Tomas Hertl and loses puck.
2:55 of 3rd period - Wrist shot by Garnet Hathaway.
2:55 of 3rd period - Stopped by Dustin Tokarski without a rebound.
2:56 of 3rd period - Mark Scheifele wins face-off versus Maxime Sauvé in Gangsters zone.
3:47 of 3rd period - Morgan Ellis is hit by Garnet Hathaway and loses puck.
4:06 of 3rd period - Snap shot by Chris Bourque.
4:06 of 3rd period - Stopped by Tyson Sexsmith without a rebound.
4:07 of 3rd period - Maxime Sauvé wins face-off versus T.J Galiardi in Influenza zone.
4:12 of 3rd period - Slapshot by Chris Bourque.
4:12 of 3rd period - Stopped by Tyson Sexsmith with a rebound.
4:18 of 3rd period - Wrist shot by Jeremy Morin.
4:18 of 3rd period - Goal by Jeremy Morin - Gangsters : 4 - Influenza : 7.
4:19 of 3rd period - Maxime Sauvé wins face-off versus Mark Scheifele in neutral zone.
4:21 of 3rd period - Off-side.
4:22 of 3rd period - Gustav Nyquist wins face-off versus Mark Scheifele in neutral zone.
4:29 of 3rd period - Wrist shot by Maxime Sauvé.
4:29 of 3rd period - Goal by Maxime Sauvé - Gangsters : 5 - Influenza : 7.
4:30 of 3rd period - Mark Scheifele wins face-off versus Maxime Sauvé in neutral zone.
4:32 of 3rd period - Minor Penalty to Mark Scheifele for Hooking.
4:33 of 3rd period - Mark Olver wins face-off versus Gustav Nyquist in Influenza zone.
4:43 of 3rd period - Slapshot by Gustav Nyquist.
4:43 of 3rd period - Shot Blocked by Jeff May.
6:12 of 3rd period - Colten Teubert is hit by Lane MacDermid and loses puck.
6:32 of 3rd period - Penalty to Mark Scheifele is over, Mark Scheifele is back on ice.
6:37 of 3rd period - Jimmy Vesey is hit by Dave Dziurzynski and loses puck.
7:55 of 3rd period - Magnus Paajarvi-Svensson is hit by Mathieu Carle and loses puck.
9:36 of 3rd period - Paul Ladue is hit by Maxime Sauvé and loses puck.
10:12 of 3rd period - Jordan Schroeder is hit by Tomas Hertl.
10:16 of 3rd period - Magnus Paajarvi-Svensson is hit by Jeff May and loses puck.
10:32 of 3rd period - Seth Griffith is hit by Mathieu Carle and loses puck.
10:45 of 3rd period - Jonas Brodin is hit by Beau Bennett.
11:06 of 3rd period - Mathieu Carle is hit by Patrik Nemeth.
11:21 of 3rd period - Minor Penalty to Matt Corrente for Tripping.
11:22 of 3rd period - Maxime Sauvé wins face-off versus Mark Olver in Influenza zone.
11:32 of 3rd period - Jeff May is hit by Maxime Sauvé and loses puck.
11:47 of 3rd period - Mathieu Carle is hit by Tomas Hertl and loses puck.
11:52 of 3rd period - Wrist shot by Tomas Hertl.
11:52 of 3rd period - Goal by Tomas Hertl - Gangsters : 6 - Influenza : 7.
11:53 of 3rd period - Maxime Sauvé wins face-off versus Mark Scheifele in neutral zone.
12:04 of 3rd period - Snap shot by Jeff May.
12:04 of 3rd period - Stopped by Dustin Tokarski with a rebound.
12:06 of 3rd period - Slapshot by Mathieu Carle.
12:06 of 3rd period - Deflect By Jeremy Morin.
12:06 of 3rd period - Stopped by Dustin Tokarski without a rebound.
12:07 of 3rd period - Maxime Sauvé wins face-off versus T.J Galiardi in Gangsters zone.
12:16 of 3rd period - Snap shot by Jeremy Morin.
12:16 of 3rd period - Stopped by Dustin Tokarski with a rebound.
12:33 of 3rd period - Magnus Paajarvi-Svensson is hit by Charlie Coyle and loses puck.
12:46 of 3rd period - Snap shot by Jimmy Vesey.
12:46 of 3rd period - Stopped by Dustin Tokarski with a rebound.
13:02 of 3rd period - Colten Teubert is hit by Paul Ladue and loses puck.
13:15 of 3rd period - Nikita Gusev is hit by Colten Teubert and loses puck.
14:22 of 3rd period - Seth Griffith is hit by Mathieu Carle and loses puck.
14:36 of 3rd period - Off-side.
14:37 of 3rd period - Kevin Roy wins face-off versus Mark Scheifele in neutral zone.
15:06 of 3rd period - Snap shot by Chris Bourque.
15:06 of 3rd period - Shot Misses the Net.
15:08 of 3rd period - Wrist shot by Chris Bourque.
15:08 of 3rd period - Stopped by Tyson Sexsmith with a rebound.
15:10 of 3rd period - Slapshot by Derrick Pouliot.
15:10 of 3rd period - Deflect By Chris Bourque.
15:10 of 3rd period - Stopped by Tyson Sexsmith without a rebound.
15:11 of 3rd period - Mark Olver wins face-off versus Maxime Sauvé in Influenza zone.
15:18 of 3rd period - Wrist shot by Chris Bourque.
15:18 of 3rd period - Deflect By Gustav Nyquist.
15:18 of 3rd period - Shot Blocked by Jeff May.
15:18 of 3rd period - Puck is out of play.
15:19 of 3rd period - Mark Olver wins face-off versus Maxime Sauvé in Influenza zone.
15:19 of 3rd period - Mark Olver is hit by Gustav Nyquist.
15:27 of 3rd period - Slapshot by Maxime Sauvé.
15:27 of 3rd period - Stopped by Tyson Sexsmith without a rebound.
15:28 of 3rd period - Mark Olver wins face-off versus Maxime Sauvé in Influenza zone.
15:37 of 3rd period - Snap shot by Mark Olver.
15:37 of 3rd period - Stopped by Dustin Tokarski without a rebound.
15:38 of 3rd period - Mark Olver wins face-off versus Maxime Sauvé in Gangsters zone.
15:51 of 3rd period - Slapshot by Colten Teubert.
15:51 of 3rd period - Stopped by Tyson Sexsmith with a rebound.
15:53 of 3rd period - Snap shot by Maxime Sauvé.
15:53 of 3rd period - Shot Blocked by Garnet Hathaway.
15:55 of 3rd period - Slapshot by Colten Teubert.
15:55 of 3rd period - Stopped by Tyson Sexsmith without a rebound.
15:56 of 3rd period - Jeremy Morin wins face-off versus Seth Griffith in Influenza zone.
15:56 of 3rd period - Jeremy Morin is hit by Devante Smith-Pelly.
16:04 of 3rd period - Jeremy Morin is hit by Dave Dziurzynski and loses puck.
16:21 of 3rd period - Lane MacDermid is hit by Colten Teubert and loses puck.
16:56 of 3rd period - Jeff May is hit by Magnus Paajarvi-Svensson and loses puck.
17:15 of 3rd period - Snap shot by Mathieu Carle.
17:15 of 3rd period - Shot Blocked by Ryan Culkin.
17:31 of 3rd period - Snap shot by Jordan Schroeder.
17:31 of 3rd period - Shot Misses the Net.
17:33 of 3rd period - Wrist shot by Jordan Schroeder.
17:33 of 3rd period - Shot Blocked by Derrick Pouliot.
17:35 of 3rd period - Wrist shot by Iiro Pakarinen.
17:35 of 3rd period - Shot Misses the Net.
17:37 of 3rd period - Snap shot by Paul Ladue.
17:37 of 3rd period - Stopped by Dustin Tokarski with a rebound.
17:53 of 3rd period - Wrist shot by Chris Bourque.
17:53 of 3rd period - Stopped by Tyson Sexsmith without a rebound.
17:54 of 3rd period - Maxime Sauvé wins face-off versus Garnet Hathaway in Influenza zone.
18:27 of 3rd period - Wrist shot by Jimmy Vesey.
18:27 of 3rd period - Shot Blocked by Maxime Sauvé.
18:37 of 3rd period - Minor Penalty to Colten Teubert for Slashing.
18:38 of 3rd period - Chris Bourque wins face-off versus Mark Scheifele in Gangsters zone.
18:47 of 3rd period - Wrist shot by Mark Scheifele.
18:47 of 3rd period - Shot Misses the Net.
18:49 of 3rd period - Backhand shot by Mathieu Carle.
18:49 of 3rd period - Shot Misses the Net.
18:51 of 3rd period - Wrist shot by Mark Scheifele.
18:51 of 3rd period - Stopped by Dustin Tokarski with a rebound.
18:53 of 3rd period - Snap shot by Jeremy Morin.
18:53 of 3rd period - Shot Misses the Net.
19:29 of 3rd period - Maxime Sauvé is hit by Lane MacDermid.
19:44 of 3rd period - Ryan Culkin is hit by Beau Bennett and loses puck.
Goals for this period are 4 for Gangsters vs 1 for Influenza.
Shots for this period are 12 for Gangsters vs 11 for Influenza.
Back to the Top